 Dungeon Crawl Stone Soup version 0.28-a0-863-g8cecda6153 (webtiles) character file.

Game seed: 12098849709410726875

2304 horus123 the Conjurer (level 9, 0/111 HPs)
             Began as a Hill Orc Fire Elementalist on Nov 17, 2021.
             Was a Believer of Beogh.
             Succumbed to a scorpion's poison
             ... on level 7 of the Dungeon.
             The game lasted 00:15:15 (7162 turns).

horus123 the Conjurer (Hill Orc Fire Elementalist)  Turns: 7162, Time: 00:15:16

Health: 0/111      AC: 11    Str: 13    XL:     9   Next: 40%
Magic:  7/15       EV: 16    Int: 16    God:    Beogh [**....]
Gold:   685        SH:  0    Dex: 11    Spells: 4/16 levels left

rFire   . . .      SeeInvis .   c - +2 flail (protect)
rCold   + . .      Faith    .   (no shield)
rNeg    + . .      Spirit   .   a - +1 robe
rPois   .          Reflect  .   (no helmet)
rElec   .          Harm     .   (no cloak)
rCorr   +          Rampage  .   e - +0 pair of gloves
Will    .....                   (no boots)
Stlth   ..........              (no amulet)
HPRegen 0.28/turn               m - +4 ring of evasion
MPRegen 0.14/turn               o - ring of Uczoad {Wiz rC+ rN+ rCorr}

@: berserking (expiring), lethally poisoned (0 -> -13), under a protective aura,
very quick
A: no striking features
a: Renounce Religion, Smiting


You were on level 7 of the Dungeon.
You worshipped Beogh.
Beogh was pleased with you.
You visited 1 branch of the dungeon, and saw 7 of its levels.

You collected 1848 gold pieces.
You spent 1163 gold pieces at shops.

Inventory:

Hand Weapons
 c - a +2 flail of protection (weapon)
 j - a +0 war axe
Missiles
 p - 4 silver javelins
Armour
 a - a +1 robe (worn)
 e - a +0 pair of gloves (worn)
Jewellery
 m - a +4 ring of evasion (left hand)
 o - the ring of Uczoad (right hand) {Wiz rC+ rN+ rCorr}
   (You bought it in a shop on level 2 of the Dungeon)

   [ring of wizardry]

   It improves your spell success rate.
   rC:        It protects you from cold.
   rN:        It protects you from negative energy.
   rCorr:     It protects you from acid and corrosion.
Scrolls
 l - a scroll of fear
 n - 2 scrolls of magic mapping
 q - 3 scrolls of teleportation
 s - 2 scrolls of immolation
Potions
 b - a potion of heal wounds
 f - 4 potions of curing
 g - a potion of attraction
 h - a potion of haste {unknown}
 i - a potion of berserk rage
 k - a potion of flight
 r - a potion of mutation
 u - a potion of lignification {unknown}
 v - a potion of invisibility {unknown}


   Skills:
 - Level 5.4 Fighting
 - Level 3.2 Maces & Flails
 - Level 2.4 Dodging
 - Level 2.7 Stealth
 + Level 4.1 Spellcasting
 - Level 6.6 Conjurations
 - Level 5.6 Fire Magic
 - Level 5.1 Invocations


You had 4 spell levels left.
You knew the following spells:

 Your Spells              Type           Power      Damage    Failure   Level
a - Foxfire               Conj/Fire      92%        2x1d8     1%          1
b - Scorch                Fire           42%        2d7       1%          2
c - Flame Wave            Conj/Fire      23%        3d6       5%          4
d - Searing Ray           Conj           48%        2d6       1%          2
e - Stone Arrow           Conj/Erth      26%        3d8       5%          3

Your spell library contained the following spells:

 Spells                   Type           Power      Damage    Failure   Level
 Magic Dart               Conj           96%        1d7       1%          1
 Conjure Flame            Conj/Fire      23%        6-21      1%          3
 Inner Flame              Hex/Fire       12%        N/A       6%          3
 Sandblast                Erth           6%         2d5       7%          1
 Summon Small Mammal      Summ           12%        N/A       7%          1
 Mephitic Cloud           Conj/Pois/Air  10%        N/A       9%          3
 Call Imp                 Summ           3%         N/A       11%         2
 Passwall                 Tmut/Erth      2%         N/A       11%         2
 Fulminant Prism          Conj/Hex       6%         3d7       16%         4
 Call Canine Familiar     Summ           3%         N/A       21%         3
 Summon Guardian Golem    Hex/Summ       3%         N/A       21%         3
 Spellforged Servitor     Conj/Summ      6%         N/A       100%        7
 Chain Lightning          Conj/Air       6%         3d8       100%        9


Dungeon Overview and Level Annotations

Branches:
Dungeon (7/15)             Temple (0/1) D:6

Altars:
Ashenzari
Qazlal
Ru
Yredelemnul

Shops:
D:2 *


Message History

Reactivating autopickup.
The sky beast hits you.
* * * LOW HITPOINT WARNING * * *
The sky beast shocks you.
* * * LOW HITPOINT WARNING * * *
The scorpion stings you but does no damage.
You closely miss the sky beast.
The sky beast is moderately wounded.
The sky beast hits you.
* * * LOW HITPOINT WARNING * * *
The sky beast shocks you.
* * * LOW HITPOINT WARNING * * *
The scorpion stings you but does no damage.
You sock the sky beast!
The sky beast is heavily wounded.
Something barely misses you.
The sky beast flickers out of sight!
Deactivating autopickup; reactivate with Ctrl-A.
Something hits you.
* * * LOW HITPOINT WARNING * * *
Something shocks you.
* * * LOW HITPOINT WARNING * * *
You closely miss something. The scorpion closely misses you.
Something hits you.
* * * LOW HITPOINT WARNING * * *
You barely miss something. The scorpion barely misses you.
Something hits you but does no damage. Something barely misses you.
You closely miss something. The scorpion stings you.
* * * LOW HITPOINT WARNING * * *
You are lethally poisoned!
The scorpion poisons you!
A sky beast appears from thin air!
Reactivating autopickup.
The sky beast barely misses you.
You hear some strange, mumbled words.
A magic dart appears from out of thin air!
Deactivating autopickup; reactivate with Ctrl-A.
The magic dart hits you.
* * * LOW HITPOINT WARNING * * *
You closely miss the sky beast.
The sky beast is heavily wounded.
You die...

.... . ...
.. ..#
...##..##
........
.....##
#.#{s##.##
#(.@Y....#
####)##<....
#.# #.. #..
###. .. .#
..


You could see a sky beast and a scorpion.

Vanquished Creatures
  A two-headed ogre (D:6)
  2 water moccasins
  An orc warrior (D:7)
  2 ogres
  A centaur (D:6)
  A phantom (D:6)
  A bullfrog (D:6)
  2 water moccasin zombies (D:6)
  3 scorpions
  A water moccasin skeleton (D:6)
  A centaur zombie (D:6)
  3 orc priests
  2 hounds
  3 jellies
  2 bullfrog skeletons (D:5)
  2 iguanas
  A scorpion zombie (D:5)
  Natasha (thrice) (D:4)
  An orc wizard (D:5)
  A howler monkey skeleton (D:6)
  6 adders
  A river rat (D:5)
  2 shadow imps
  A white imp (D:6)
  An adder zombie (D:5)
  2 worms (D:5)
  3 dart slugs
  9 orcs
  3 endoplasms
  5 giant cockroaches
  5 goblins
  9 hobgoblins
  5 jackals
  5 quokkas
  A ball python (D:1)
  5 bats
  7 frilled lizards
  10 kobolds
  2 rats
  A spectral orc (D:3)
117 creatures vanquished.

Vanquished Creatures (others)
  A kobold (D:3)
  A rat (D:3)
  32 foxfires (D:1)
34 creatures vanquished.

Grand Total: 151 creatures vanquished

Notes
Turn   | Place    | Note
-------+----------+-------------------------------------------
     0 | D:1      | horus123 the Hill Orc Fire Elementalist began the quest for
                  | the Orb.
     0 | D:1      | Reached XP level 1. HP: 14/14 MP: 3/3
   204 | D:1      | Reached XP level 2. HP: 20/20 MP: 1/4
   839 | D:1      | Learned a level 2 spell: Scorch
   866 | D:2      | Reached XP level 3. HP: 26/26 MP: 2/5
   935 | D:2      | Found Zoguggy's General Store.
  1413 | D:2      | Reached XP level 4. HP: 33/33 MP: 2/7
  1914 | D:3      | Became a worshipper of Beogh the Brigand
  2115 | D:3      | Found a broken altar of Ashenzari.
  2339 | D:3      | Found a basalt altar of Yredelemnul.
  2648 | D:3      | Learned a level 4 spell: Flame Wave
  3071 | D:4      | Noticed a scorpion
  3077 | D:4      | Killed a scorpion
  3078 | D:4      | Reached skill level 1 in Maces & Flails
  3078 | D:4      | Reached XP level 5. HP: 25/38 MP: 1/8
  3629 | D:4      | Noticed Natasha
  3639 | D:4      | Killed Natasha
  3640 | D:4      | Reached XP level 6. HP: 21/46 MP: 1/9
  3781 | D:4      | Noticed Natasha
  3787 | D:4      | Killed Natasha
  3788 | D:4      | Reached skill level 2 in Conjurations
  3788 | D:4      | Reached skill level 5 in Fire Magic
  3899 | D:4      | Found a stormy altar of Qazlal.
  3928 | D:4      | Identified a scroll of acquirement
  3928 | D:4      | Acquired 750 gold pieces
  3974 | D:2      | Bought a scroll of acquirement for 572 gold pieces
  3974 | D:2      | Acquired 874 gold pieces
  3976 | D:2      | Bought the ring of Uczoad {Wiz rC+ rN+ rCorr} for 591 gold
                  | pieces
  4003 | D:4      | Noticed Natasha
  4010 | D:4      | Killed Natasha
  4112 | D:4      | Reached skill level 1 in Fighting
  4478 | D:5      | Entered Level 5 of the Dungeon
  4579 | D:5      | Reached XP level 7. HP: 36/52 MP: 11/11
  4975 | D:5      | Found a sacrificial altar of Ru.
  5064 | D:5      | Reached * piety under Beogh
  5526 | D:5      | Reached skill level 3 in Conjurations
  5698 | D:6      | Reached skill level 1 in Invocations
  5712 | D:6      | Reached XP level 8. HP: 32/59 MP: 3/12
  5760 | D:6      | Reached skill level 5 in Invocations
  6178 | D:6      | Reached skill level 5 in Fighting
  6246 | D:6      | Got the Collected Works on Conjuration
  6285 | D:6      | Found a staircase to the Ecumenical Temple.
  6817 | D:6      | Noticed a two-headed ogre
  6830 | D:6      | HP: 2/103 [two-headed ogre (19)]
  6831 | D:6      | Killed a two-headed ogre
  6832 | D:6      | Reached skill level 6 in Conjurations
  6832 | D:6      | Reached XP level 9. HP: 3/74 MP: 1/13
  7049 | D:6      | Learned a level 2 spell: Searing Ray
  7053 | D:6      | Learned a level 3 spell: Stone Arrow
  7153 | D:7      | Reached ** piety under Beogh
  7161 | D:7      | HP: 3/111 [something/magic dart (4)]
  7162 | D:7      | Succumbed to a scorpion's poison

Illustrated notes

Levels and vault maps discovered:
D:1:      saegor_arrival_simple_e, layout_rooms
D:2:      layout_basic, serial_shops, shop
D:3:      kennysheep_six_static_rooms, layout_loops_ring,
          nicolae_ashenzari_panopticon, yredelemnul_forgotten_temple_becter
D:4:      layout_rooms, nicolae_qazlal_general_emergency, uniq_natasha
D:5:      layout_loops_ring, nicolae_ru_awakened_eye, gup_sewer_entry_spiral,
          chequers_serial_rivers_marsh
D:6:      layout_basic, minmay_temple_entry_butterflies
D:7:      layout_rooms, nicolae_gozag_seed_capital

Skill      XL: |  1  2  3  4  5  6  7  8  9 |
---------------+----------------------------+-----
Stealth        | 2 |  2.7
Fire Magic     | 4 5 |  5.6
Spellcasting   | 2 3 4 |  4.1
Maces & Flails | 1 2 3 |  3.2
Dodging        | 2 |  2.4
Conjurations   | 2 3 6 |  6.6
Fighting       | 1 5 |  5.4
Invocations    | 4 5 |  5.1

Action                   |  1- 3 |  4- 6 |  7- 9 || total
-------------------------+-------+-------+-------++-------
Melee: Flail             |    34 |    93 |   164 ||   291
 Cast: Foxfire           |    21 |       |       ||    21
       Scorch            |     8 |    37 |    50 ||    95
       Flame Wave        |       |       |     2 ||     2
Invok: Convert to Beogh  |       |     1 |       ||     1
  Use: Scroll            |     4 |     4 |     9 ||    17
       Potion            |       |       |     6 ||     6
 Stab: Sleeping          |     1 |     1 |     2 ||     4
       Distracted        |       |     1 |       ||     1
Armor: Robe              |    17 |    52 |    69 ||   138
Dodge: Dodged            |    25 |    91 |   186 ||   302

Table legend: (Time is in decaauts)
 A = Elapsed time spent in this place.
 B = Non-inter-level travel time spent in this place.
 C = Inter-level travel time spent in this place.
 D = Time resting spent in this place.
 E = Time spent auto-exploring this place.
 F = Levels seen in this place.
 G = Mean time per level.
                   A        B        C        D        E       F      G
               +--------+--------+--------+--------+--------+-----+--------+
         Total |   7290 |   7025 |    265 |    497 |   5445 |   7 | 1041.4 |
       Dungeon |   7290 |   7025 |    265 |    497 |   5445 |   7 | 1041.4 |
               +--------+--------+--------+--------+--------+-----+--------+

Top non-repeatable levels by time:
     D:6: 1465 daAuts
     D:4: 1418 daAuts
     D:3: 1303 daAuts
     D:5: 1258 daAuts
     D:2: 936 daAuts
     D:1: 865 daAuts
     D:7: 42 daAuts
